 Dungeon Crawl Stone Soup version 0.29.1-1-gd02db6906a (webtiles) character file.

Game seed: 15926736841967475773

529 gzilladon the Ruffian (level 7, -1/57 HPs)
             Began as a Ghoul Gladiator on Sept 23, 2022.
             Slain by Prince Ribbit (15 damage)
             ... on level 5 of the Dungeon.
             The game lasted 00:14:25 (3469 turns).

gzilladon the Ruffian (Ghoul Gladiator)             Turns: 3469, Time: 00:14:26

Health: -1/57      AC:  8    Str: 20    XL:     7   Next: 24%
Magic:  6/6        EV: 10    Int:  3    God:
Gold:   257        SH:  0    Dex: 10    Spells: 6/6 levels left

rFire   . . .      SeeInvis .     - Unarmed
rCold   + . .      Faith    .   (no shield)
rNeg    + + +      Spirit   .   w - +0 scale mail
rPois   ∞          Reflect  .   b - +0 helmet
rElec   .          Harm     .   (no cloak)
rCorr   .          Rampage  .   o - +0 pair of gloves
Will    .....                   (no boots)
Stlth   ..........              (no amulet)
HPRegen 0.00/turn               (no ring)
MPRegen 0.10/turn               (no ring)

@: inhibited regen
A: claws 1, cold resistance 1, negative energy resistance 3, inhibited
regeneration, torment resistance 2, devour on kill
a: no special abilities


You were on level 5 of the Dungeon.
You visited 1 branch of the dungeon, and saw 5 of its levels.

You collected 257 gold pieces.

Inventory:

Hand Weapons
 j - a +2 short sword of draining
Missiles
 c - 3 throwing nets (quivered)
 d - 6 javelins
 f - 22 stones
 t - 4 poisoned darts
Armour
 a - a +0 leather armour
 b - a +0 helmet (worn)
 k - a +0 ring mail
 o - a +0 pair of gloves (worn)
 p - a +0 chain mail
 w - a +0 scale mail (worn)
Scrolls
 g - 3 scrolls of magic mapping {unknown}
 m - a scroll of enchant armour {unknown}
 n - a scroll of noise {unknown}
 q - 2 scrolls of fear {unknown}
 r - 2 scrolls of identify {unknown}
 x - a scroll of blinking {unknown}
 y - a scroll of amnesia {unknown}
Potions
 e - a potion of mutation {unknown}
 h - a potion of degeneration {unknown}
 i - 2 potions of lignification {unknown}
 l - a potion of flight {unknown}
 s - a potion of heal wounds {unknown}
 u - a potion of magic {unknown}
 v - a potion of brilliance {unknown}
 z - 2 potions of curing {unknown}
 A - a potion of ambrosia {unknown}


   Skills:
 + Level 3.0 Fighting
 + Level 2.0 Throwing
 + Level 2.5 Armour
 + Level 3.4 Dodging
 - Level 0.4 Stealth
 * Level 7.2 Unarmed Combat


You had 6 spell levels left.
You didn't know any spells.
Your spell library contained the following spells:

 Spells                   Type           Power      Damage    Failure   Level
 Shock                    Conj/Air       0%         1d3       87%         1
 Swiftness                Air            0%         N/A       99%         3
 Airstrike                Air            0%         2d(0-16)  100%        4


Dungeon Overview and Level Annotations

Branches:
Dungeon (5/15)
 Temple: D:4-7

Altars:
Qazlal

Annotations:
D:5 Prince Ribbit


Innate Abilities, Weirdness & Mutations

You are immune to poison.
You have sharp fingernails.
Your flesh is cold resistant. (rC+)
You are immune to negative energy. (rN+++)
You do not regenerate when monsters are visible.
You are immune to unholy pain and torment.
You thrive by killing the living.


Message History

The jelly is almost dead.
The jelly closely misses you.
You punch the jelly!
You kill the jelly!
You feel better.
Your Fighting skill increases to level 3!
Found a trident.
You start resting.
HP restored.
Found 5 stones.
You see here a +0 trident.
f - 22 stones (gained 5)
An orc comes into view. It is wielding a +0 hand axe.
Found a stormy altar of Qazlal and a glowing silver altar of Zin.
The orc shouts!
Prince Ribbit comes into view.
Prince Ribbit gives a loud, deep croak!
You hear a bark!
You hit the orc.
The orc is lightly wounded.
The orc hits you with a +0 hand axe.
You hit the orc but do no damage.
The orc is lightly wounded.
The orc hits you with a +0 hand axe.
You closely miss the orc. The orc barely misses you.
You hit the orc.
The orc is moderately wounded.
The orc barely misses you. Prince Ribbit hits you!
You closely miss the orc.
The orc is moderately wounded.
Prince Ribbit hits you. The orc hits you with a +0 hand axe.
You hit the orc. You punch the orc.
You kill the orc!
You feel better. Prince Ribbit hits you!
You closely miss Prince Ribbit. Your punch misses Prince Ribbit.
Prince Ribbit barely misses you.
You barely miss Prince Ribbit. Your punch misses Prince Ribbit.
Prince Ribbit hits you!
* * * LOW HITPOINT WARNING * * *
Prince Ribbit hits you!
You die...

.## ##### ....#...#
######### ._..#.#.#
#.......# ........##
##.#####.# .........#
#..# ##)####
.........####..####......
._.....F@................
........)##..........#.##
....#.....####.#.###.#.#.
... #....... ............
. #..................##
#..######............ ...
........>#.## ##..
...........# ..##..#.####


You could see Prince Ribbit.

Vanquished Creatures
  Eustachio (D:4)
  Menkaure (D:4)
  A jelly (D:5)
  An iguana (D:4)
  An orc wizard (D:4)
  4 gnolls
  5 adders
  An ufetubus (D:4)
  2 worms (D:2)
  4 dart slugs
  12 orcs
  8 ball pythons
  3 bats
  9 endoplasms
  4 giant cockroaches
  11 goblins
  7 hobgoblins
  7 jackals
  4 quokkas
  3 frilled lizards
  2 kobolds
  A rat (D:3)
92 creatures vanquished.

Notes
Turn   | Place    | Note
-------+----------+-------------------------------------------
     0 | D:1      | gzilladon the Ghoul Gladiator began the quest for the Orb.
     0 | D:1      | Reached XP level 1. HP: 17/17 MP: 0/0
   124 | D:1      | Reached XP level 2. HP: 24/24 MP: 1/1
   220 | D:1      | Reached XP level 3. HP: 24/30 MP: 2/2
   259 | D:1      | Reached skill level 4 in Unarmed Combat
   623 | D:2      | Found a stormy altar of Qazlal.
   650 | D:2      | Reached XP level 4. HP: 17/37 MP: 3/3
  1670 | D:3      | Reached skill level 1 in Armour
  1676 | D:3      | Reached skill level 5 in Unarmed Combat
  1676 | D:3      | Reached XP level 5. HP: 42/42 MP: 4/4
  2232 | D:4      | Reached skill level 6 in Unarmed Combat
  2232 | D:4      | Reached XP level 6. HP: 20/50 MP: 5/5
  2442 | D:4      | Noticed Menkaure
  2449 | D:4      | Killed Menkaure
  2532 | D:4      | Noticed Eustachio
  2568 | D:4      | Killed Eustachio
  2569 | D:4      | Reached skill level 7 in Unarmed Combat
  2569 | D:4      | Reached XP level 7. HP: 29/56 MP: 6/6
  3343 | D:5      | Entered Level 5 of the Dungeon
  3459 | D:5      | Found a stormy altar of Qazlal.
  3460 | D:5      | Noticed Prince Ribbit
  3469 | D:5      | Slain by Prince Ribbit

Illustrated notes

Levels and vault maps discovered:
D:1:      dpeg_arrival_rooms_with_view, layout_basic, minmay_box_of_dots
D:2:      layout_basic, basic_altar
D:3:      layout_loops_ring
D:4:      layout_basic, minmay_puff, uniq_crazy_yiuf_cottage, uniq_menkaure,
          uniq_eustachio
D:5:      layout_basic, grunt_temple_overflow_open, uniq_sigmund,
          uniq_prince_ribbit1

Skill      XL: |  1  2  3  4  5  6  7 |
---------------+----------------------+-----
Throwing       | 2 |  2.0
Dodging        | 3 |  3.4
Unarmed Combat | 4 5 6 7 |  7.2
Armour         | 1 2 |  2.5
Fighting       | 3 |  3.0
Stealth        | |  0.4

Action                   |  1- 3 |  4- 6 |  7- 9 || total
-------------------------+-------+-------+-------++-------
Melee: Unarmed           |    98 |   159 |    39 ||   296
       Punch             |     2 |     2 |     1 ||     5
Armor: Leather armour    |    13 |       |       ||    13
       Ring mail         |    14 |     9 |       ||    23
       Chain mail        |       |    62 |       ||    62
       Scale mail        |       |    23 |     6 ||    29
Dodge: Dodged            |    66 |    94 |    18 ||   178
